 Dungeon Crawl Stone Soup version 0.28.0-53-g5a82cb258f (webtiles) character file.

Game seed: 2954537198652662371

26136 benvolia8 the Severer (level 12, -11/168 HPs)
             Began as a Minotaur Berserker on July 27, 2022.
             Was a High Priest of Trog.
             Mangled by Rupert
             ... wielding a +5 battleaxe of electrocution
              (28 damage)
             ... on level 5 of the Lair of Beasts on July 29, 2022.
             The game lasted 00:41:49 (15747 turns).

benvolia8 the Severer (Minotaur Berserker)         Turns: 15747, Time: 00:41:50

Health: -11/168    AC: 20    Str: 25    XL:     12   Next: 95%
Magic:  11/11      EV: 11    Int:  4    God:    Trog [*****.]
Gold:   776        SH:  0    Dex: 14    Spells: 11/11 levels left

rFire   + . .      SeeInvis .   a - +3 battleaxe (freeze)
rCold   . . .      Faith    .   (shield currently unavailable)
rNeg    . . .      Spirit   .   j - +0 chain mail
rPois   .          Reflect  .   (helmet unavailable)
rElec   .          Harm     .   e - +0 cloak
rCorr   .          Rampage  .   x - +0 pair of gloves
Will    .....                   m - +0 pair of boots
Stlth   ..........              F - amulet of regeneration
HPRegen 1.18/turn               v - ring of protection from fire
MPRegen 0.12/turn               r - +4 ring of protection

@: berserking, very quick
A: horns 3, retaliatory headbutt, thin skeletal structure 1
a: Renounce Religion, Berserk, Trog's Hand, Brothers in Arms


You were on level 5 of the Lair of Beasts.
You worshipped Trog.
Trog was extremely pleased with you.
You visited 2 branches of the dungeon, and saw 15 of its levels.
You also visited: Ossuary.

You collected 776 gold pieces.

Inventory:

Hand Weapons
 a - a +3 battleaxe of freezing (weapon)
 b - a +1 longbow of venom
 c - a +1 shortbow of flaming
 f - a +3 morningstar
Missiles
 g - 161 arrows
Armour
 e - a +0 cloak (worn)
 j - a +0 chain mail (worn)
 m - a +0 pair of boots (worn)
 n - a +0 plate armour of cold resistance
 x - a +0 pair of gloves (worn)
Jewellery
 i - a ring of fire
 k - an amulet of reflection
 l - a ring of flight
 r - a +4 ring of protection (right hand)
 v - a ring of protection from fire (left hand)
 E - a ring of magical power
 F - an amulet of regeneration (around neck)
Wands
 p - a wand of acid (4)
 w - a wand of digging (10)
 B - a wand of iceblast (13)
 C - a wand of flame (26)
Scrolls
 d - 10 scrolls of identify
 h - 4 scrolls of enchant armour
 o - a scroll of brand weapon
 z - 3 scrolls of teleportation
Potions
 q - 3 potions of might
 s - 2 potions of invisibility
 t - 3 potions of heal wounds
 A - a potion of mutation
 D - 4 potions of curing


   Skills:
 + Level 12.2 Fighting
 + Level 16.5 Axes
 - Level 0.8(10.8) Maces & Flails
 + Level 10.8 Bows
 + Level 11.7 Armour
 - Level 5.1 Dodging


You had 11 spell levels left.
You didn't know any spells.
Your spell library contained the following spells:

 Spells                   Type           Power      Damage    Failure   Level
 Beastly Appendage        Tmut           0%         N/A       95%         1
 Foxfire                  Conj/Fire      0%         2x1d4     95%         1
 Summon Small Mammal      Summ           0%         N/A       95%         1
 Corpse Rot               Necr/Air       0%         N/A       99%         2
 Wereblood                Tmut           0%         N/A       99%         2
 Call Canine Familiar     Summ           0%         N/A       100%        3
 Conjure Flame            Conj/Fire      0%         6-21      100%        3
 Inner Flame              Hex/Fire       0%         N/A       100%        3
 Portal Projectile        Hex/Tloc       0%         N/A       100%        3
 Spider Form              Tmut/Pois      0%         N/A       100%        3
 Summon Guardian Golem    Hex/Summ       0%         N/A       100%        3
 Animate Dead             Necr           0%         N/A       100%        4
 Dispel Undead            Necr           0%         3d6       100%        4
 Flame Wave               Conj/Fire      0%         2d4       100%        4
 Leda's Liquefaction      Hex/Erth       0%         N/A       100%        4
 Summon Forest            Summ/Tloc      0%         N/A       100%        5
 Summon Mana Viper        Hex/Summ       0%         N/A       100%        5
 Death Channel            Necr           0%         N/A       100%        6
 Summon Cactus Giant      Summ           0%         N/A       100%        6
 Chain Lightning          Conj/Air       0%         N/A       100%        9
 Fire Storm               Conj/Fire      0%         5d1       100%        9
 Shatter                  Erth           0%         3d5*      100%        9


Dungeon Overview and Level Annotations

Branches:
Dungeon (9/15)             Temple (0/1) D:4            Lair (6/6) D:9
 Shoals (0/4) Lair:3       Spider (0/4) Lair:3      Ossuary (visited)
  Slime: Lair:5-6       Orc: D:9-12

Altars:
Ashenzari
Elyvilon
Gozag
Kikubaaqudgha
Okawaru
Ru
Trog
Uskayaw
Vehumet

Annotations:
Lair:5 Rupert


Innate Abilities, Weirdness & Mutations

You have a pair of large horns on your head.
You reflexively headbutt those who attack you in melee.
You have a somewhat thin skeletal structure. (Dex +2, Stealth+)


Message History

Fire: 165 arrows
Press: ? - help, Q - select action, (/) - cycle Shift-Dir - straight line, f - Rupert
Aim: Rupert, wielding a +5 battleaxe of electrocution and wearing a +0 leather armour (69% to hit)
You shoot an arrow. The arrow hits Rupert!
Rupert is lightly wounded.
Fire: 164 arrows
Press: ? - help, Q - select action, (/) - cycle Shift-Dir - straight line, f/p - Rupert
Aim: Rupert, wielding a +5 battleaxe of electrocution and wearing a +0 leather armour (lightly wounded, 69% to hit)
You shoot an arrow. The arrow barely misses Rupert.
Fire: 163 arrows
Press: ? - help, Q - select action, (/) - cycle Shift-Dir - straight line, f/p - Rupert
Aim: Rupert, wielding a +5 battleaxe of electrocution and wearing a +0 leather armour (lightly wounded, 69% to hit)
You shoot an arrow. The arrow hits Rupert!!
Rupert looks as sick as possible!
Rupert is moderately wounded.
Rupert roars madly and goes into a rage!
Rupert goes berserk!
Fire: 162 arrows
Press: ? - help, Q - select action, (/) - cycle Shift-Dir - straight line, f/p - Rupert
Aim: Rupert, wielding a +5 battleaxe of electrocution and wearing a +0 leather armour (moderately wounded, berserk, extremely poisoned, 69% to hit)
You shoot an arrow. The arrow hits Rupert.
Rupert is moderately wounded.
Unknown command.
Your +1 longbow of venom stops dripping with poison.
Your +3 battleaxe of freezing glows with a cold blue light!
a - a +3 battleaxe of freezing (weapon)
Rupert hits you with a +5 battleaxe of electrocution!!
You barely miss Rupert. You headbutt Rupert.
Rupert is moderately wounded.
Rupert hits you with a +5 battleaxe of electrocution!!
You slash Rupert! You freeze Rupert. You headbutt Rupert.
Rupert is moderately wounded.
Rupert hits you with a +5 battleaxe of electrocution!!
A red film seems to cover your vision as you go berserk!
You feel yourself moving faster!
You feel mighty!
Rupert hits you with a +5 battleaxe of electrocution!!
* * * LOW HITPOINT WARNING * * *
You are electrocuted!
* * * LOW HITPOINT WARNING * * *
Rupert hits you with a +5 battleaxe of electrocution!!
You die...

(..............
.(.............
................
.................
.......(.........#
..........!.......
.........@........
..........@....P.#
...........^...###
...............#
...............#
.......>.......#
.................
..............PP#P
................#
......#...P.....#


You could see Rupert (berserk, extremely poisoned).

Vanquished Creatures
  A boulder beetle (Lair:1)
  3 hydras
  4 death yaks
  A tengu warrior (D:9)
  Sonja (Lair:1)
  2 lindwurms (Lair:1)
  2 black mambas
  7 cane toads
  A kobold demonologist (D:9)
  A komodo dragon (Lair:3)
  A meliai (D:9)
  5 blink frogs (Lair:2)
  2 shadows (D:9)
  2 jumping spiders (Lair:1)
  A culicivora (Lair:3)
  41 yaks
  3 wraiths
  5 wyverns
  5 humans (D:7)
  3 basilisks
  2 redbacks (Lair:1)
  2 steam dragons
  Menkaure (D:6)
  An acid dragon (D:9)
  4 water moccasins
  3 orc warriors
  2 ice beasts
  6 black bears
  5 wolves (Lair:3)
  5 centaurs (Lair:3)
  An ogre (D:5)
  3 phantoms
  2 kobold brigands
  5 bullfrogs
  3 wyvern zombies (D:9)
  2 scorpions
  A water moccasin zombie (D:6)
  13 killer bees
  14 wights
  3 centaur zombies (D:9)
  2 jellies
  3 lava snakes (Lair:1)
  4 orc priests
  A gnoll shaman (D:5)
  2 iguanas
  6 orc wizards
  A killer bee zombie (D:9)
  2 howler monkey zombies (D:9)
  Robin (D:3)
  12 gnolls
  9 adders
  2 white imps (D:6)
  An ufetubus (D:5)
  2 adder skeletons (D:4)
  2 worms (D:4)
  12 orcs
  8 bats
  4 endoplasms
  2 giant cockroaches (D:1)
  4 hobgoblins
  4 jackals (D:2)
  2 quokkas
  7 ball pythons
  2 ball python skeletons (Ossuary)
  9 frilled lizards
  15 goblins
  A hobgoblin skeleton (Ossuary)
  12 kobolds
  2 kobold zombies (Ossuary)
  2 orc skeletons (Ossuary)
  An orc zombie (Ossuary)
  5 rats
311 creatures vanquished.

Vanquished Creatures (collateral kills)
  A bullfrog (Lair:3)
1 creature vanquished.

Vanquished Creatures (others)
  9 fungi
  17 plants
26 creatures vanquished.

Grand Total: 338 creatures vanquished

Notes
Turn   | Place    | Note
-------+----------+-------------------------------------------
     0 | D:1      | benvolia8 the Minotaur Berserker began the quest for the
                  | Orb.
     0 | D:1      | Reached XP level 1. HP: 19/19 MP: 0/0
    88 | D:1      | Found a faded altar of an unknown god.
   181 | D:1      | Reached XP level 2. HP: 27/27 MP: 1/1
   191 | D:1      | Reached skill level 4 in Axes
   762 | D:2      | Reached XP level 3. HP: 33/33 MP: 2/2
   891 | D:2      | Reached ** piety under Trog
  1323 | D:2      | Reached XP level 4. HP: 37/41 MP: 3/3
  1802 | D:3      | Reached skill level 5 in Axes
  1802 | D:3      | Reached XP level 5. HP: 31/47 MP: 4/4
  1815 | D:3      | Reached skill level 5 in Fighting
  2355 | D:3      | Found a hide-covered altar of Uskayaw.
  2370 | D:3      | Noticed Robin
  2405 | D:3      | Killed Robin
  2405 | D:3      | Reached *** piety under Trog
  2747 | D:4      | Reached XP level 6. HP: 56/56 MP: 5/5
  2794 | D:4      | Reached skill level 6 in Axes
  3077 | D:4      | Found a sacrificial altar of Ru.
  3107 | D:4      | Found a staircase to the Ecumenical Temple.
  3211 | D:4      | Reached skill level 5 in Armour
  3312 | D:4      | Reached skill level 1 in Bows
  3428 | D:4      | Reached XP level 7. HP: 61/61 MP: 6/6
  3589 | D:5      | Entered Level 5 of the Dungeon
  3808 | D:5      | Reached skill level 7 in Axes
  4706 | D:6      | Found a large runed translucent door.
  4707 | D:6      | Found a large runed translucent door.
  4731 | D:6      | Reached XP level 8. HP: 70/70 MP: 7/7
  4968 | D:6      | Noticed Menkaure
  4979 | D:6      | Killed Menkaure
  5183 | D:6      | Found an ancient bone altar of Kikubaaqudgha.
  5240 | D:6      | Found a bloodstained altar of Trog.
  5271 | D:6      | Reached skill level 8 in Axes
  5336 | D:6      | Got Kikubaaqudgha's Guide on Sinister Secrets
  5361 | D:6      | Reached skill level 5 in Bows
  5898 | D:6      | Found an opulent altar of Gozag.
  5901 | D:6      | Found an iron altar of Okawaru.
  6054 | D:7      | Reached skill level 9 in Axes
  6056 | D:7      | Reached XP level 9. HP: 79/79 MP: 8/8
  6379 | D:7      | Reached skill level 10 in Axes
  6456 | D:7      | Found a sand-covered staircase.
  6464 | Ossuary  | Entered an ossuary
  6505 | Ossuary  | Reached **** piety under Trog
  6960 | D:7      | Reached skill level 11 in Axes
  6990 | D:7      | Found a radiant altar of Vehumet.
  7127 | D:7      | Reached XP level 10. HP: 71/88 MP: 9/9
  7516 | D:7      | Gained mutation: You have large cloven feet. [potion of
                  | mutation]
  7516 | D:7      | Gained mutation: You are weak. (Str -2) [potion of
                  | mutation]
  7884 | D:8      | Reached skill level 5 in Dodging
  8330 | D:8      | Reached skill level 12 in Axes
  9033 | D:9      | Reached skill level 13 in Axes
  9047 | D:9      | Noticed a tengu warrior
  9058 | D:9      | Killed a tengu warrior
  9433 | D:9      | Reached XP level 11. HP: 97/97 MP: 10/10
  9624 | D:9      | Reached ***** piety under Trog
  9629 | D:9      | Found a staircase to the Lair.
  9722 | D:9      | Found a white marble altar of Elyvilon.
 10460 | D:9      | Found a broken altar of Ashenzari.
 10671 | Lair:1   | Entered Level 1 of the Lair of Beasts
 10705 | Lair:1   | Found a runed translucent door.
 10847 | Lair:1   | Noticed a six-headed hydra
 10856 | Lair:1   | Killed a six-headed hydra
 10857 | Lair:1   | Reached skill level 10 in Fighting
 10857 | Lair:1   | Reached skill level 14 in Axes
 11074 | Lair:1   | Noticed a seven-headed hydra
 11084 | Lair:1   | Killed a seven-headed hydra
 11461 | Lair:1   | Lost mutation: You are weak. (Str -2) [potion of mutation]
 11461 | Lair:1   | Lost mutation: You have large cloven feet. [potion of
                  | mutation]
 11461 | Lair:1   | Gained mutation: Your system is resistant to poisons.
                  | (rPois) [potion of mutation]
 11461 | Lair:1   | Lost mutation: Your system is resistant to poisons. (rPois)
                  | [potion of mutation]
 11461 | Lair:1   | Gained mutation: You have a somewhat thin skeletal
                  | structure. (Dex +2, Stealth+) [potion of mutation]
 11461 | Lair:1   | Gained mutation: You have a pair of large horns on your
                  | head. [potion of mutation]
 11693 | Lair:1   | Noticed Sonja
 11703 | Lair:1   | Killed Sonja
 12274 | Lair:1   | Found a runed translucent gate.
 12279 | Lair:1   | Reached skill level 10 in Armour
 12279 | Lair:1   | Found a runed translucent gate.
 12335 | Lair:1   | Found a runed translucent gate.
 12335 | Lair:1   | Found a runed translucent gate.
 12335 | Lair:1   | Found a runed translucent gate.
 12335 | Lair:1   | Noticed a boulder beetle
 12336 | Lair:1   | Noticed a lindwurm
 12336 | Lair:1   | Noticed a lindwurm
 12432 | Lair:1   | Found a runed translucent gate.
 12465 | Lair:1   | Killed a boulder beetle
 12795 | Lair:1   | Killed a lindwurm
 12798 | Lair:1   | Killed a lindwurm
 13104 | Lair:2   | Reached XP level 12. HP: 58/108 MP: 11/11
 13503 | Lair:2   | Reached skill level 15 in Axes
 14200 | Lair:2   | Reached skill level 10 in Bows
 14773 | Lair:3   | Noticed an eight-headed hydra
 14793 | Lair:3   | Killed a nine-headed hydra
 15086 | Lair:3   | Found a hole to the Spider Nest.
 15258 | Lair:3   | Reached skill level 16 in Axes
 15268 | Lair:3   | Found a staircase to the Shoals.
 15539 | Lair:4   | Noticed a death yak
 15539 | Lair:4   | Noticed a death yak
 15539 | Lair:4   | Noticed a death yak
 15540 | Lair:4   | Noticed a death yak
 15555 | Lair:3   | Killed a death yak
 15591 | Lair:4   | Killed a death yak
 15592 | Lair:4   | Killed a death yak
 15595 | Lair:4   | Killed a death yak
 15715 | Lair:4   | You fall into a shaft and drop 2 floors!
 15715 | Lair:6   | Entered Level 6 of the Lair of Beasts
 15738 | Lair:5   | Noticed Rupert
 15747 | Lair:5   | Mangled by Rupert

Illustrated notes

Levels and vault maps discovered:
D:1:      ebering_trefoil_twist, layout_loops_ring,
          hellmonk_ecumenical_altar_crossroads, minmay_misc_feat_room
D:2:      layout_basic, st_stairs_1, minmay_lizard_king
D:3:      layout_basic, nicolae_uskayaw_murder_on_the_dancefloor, uniq_robin
D:4:      layout_basic, nicolae_ru_path_of_blood,
          minmay_temple_entry_butterflies, minmay_misc_feat_iff,
          nicolae_elevator_lobby_plus
D:5:      layout_loops_ring, minivault_19
D:6:      layout_loops_corners, lemuel_crystal_altar,
          mainiacjoe_overflow_alcove_2, jmf_multi_god_temple2, uniq_menkaure
D:7:      layout_loops_ring, general_overflow_altar, nicolae_ossuary_entry_plus,
          minmay_misc_feat_x, minmay_ruffians
D:8:      layout_rooms
D:9:      minmay_quarter_circles, layout_cave_pools, evilmike_ruin_ashenzari,
          nicolae_elyvilon_peaceful_grove
Lair:1:   gammafunk_indiana_jones, layout_chaotic_city, grunt_megastairs_1,
          uniq_sonja
Lair:2:   layout_cave_pods, chequers_serial_rivers_micro_a, beast_lair_carwin_10
Lair:3:   layout_regular_city, minmay_shoals_entry_centaurs,
          hellmonk_spider_entry_life_and_decay, grunt_megastairs_4
Lair:4:   layout_roguey, gammafunk_ghost_necromancy,
          portal_ice_cave_entry_ice_simulacra, grunt_megastairs_5
Lair:5:   layout_gridlike, lemuel_fruit_tree, uniq_rupert, uniq_snorg
Lair:6:   minmay_lair_end_enchanted_forest, layout_gridlike,
          nicolae_slime_entry_slimehenge, st_stairs_6, uniq_urug

Skill      XL: |  1  2  3  4  5  6  7  8  9 10 11 12 |
---------------+-------------------------------------+-----
Fighting       | 4 5 7 8 9 10 12 | 12.2
Axes           | 4 5 6 7 9 11 13 14 16 | 16.5
Armour         | 3 4 5 6 7 8 10 11 | 11.7
Dodging        | 3 4 5 |  5.1
Bows           | 1 4 6 8 9 10 | 10.8
Maces & Flails | |  0.8

Action                   |  1- 3 |  4- 6 |  7- 9 | 10-12 || total
-------------------------+-------+-------+-------+-------++-------
Melee: Hand axe          |    66 |    94 |    64 |    48 ||   272
       Headbutt          |    12 |    14 |    26 |    85 ||   137
       Punch             |       |     1 |     1 |       ||     2
       War axe           |       |    22 |   111 |       ||   133
       Battleaxe         |       |       |       |   316 ||   316
       Morningstar       |       |       |       |    10 ||    10
 Fire: Shortbow          |       |    35 |    62 |   165 ||   262
       Longbow           |       |       |       |    20 ||    20
Invok: Berserk           |       |     1 |     3 |     9 ||    13
  Use: Potion            |       |     4 |     8 |     6 ||    18
       Scroll            |       |       |     7 |     7 ||    14
Armor: Animal skin       |     1 |       |       |       ||     1
       Ring mail         |    20 |    45 |    44 |       ||   109
       Scale mail        |       |       |       |    80 ||    80
       Chain mail        |       |       |       |   138 ||   138
Dodge: Dodged            |    51 |    81 |    99 |   265 ||   496
